[Event "FIDE WYCC Open U18 2023"]
[Site "Montesilvano"]
[Date "2023.11.13"]
[Round "1.1"]
[White "Nied, Pascal"]
[Black "Grebnev, Aleksey"]
[Result "0-1"]
[ECO "B51"]
[WhiteElo "2172"]
[BlackElo "2500"]
[Annotator "RC"]
[PlyCount "70"]
[EventDate "2023.11.13"]
[EventType "swiss"]
[EventCountry "ITA"]
[SourceTitle "playchess.com"]
[Source "ChessBase"]
[SourceQuality "1"]
[TimeControl "40/5400+30:1800+30"]

1. e4 c5 2. Nf3 d6 3. Bb5+ Nd7 4. d4 cxd4 5. Nxd4 Ngf6 6. O-O a6 7. Ba4 e6 8. c4 Be7 9. Nc3 Qc7 10. Qe2 O-O 11. Kh1 Ne5 12. Bb3 Bd7 13. f4 Nc6 14. Be3 Rac8 15. g4 Nxd4 16. Bxd4 e5 17. fxe5 dxe5 18. Nd5 Nxd5 19. exd5 exd4 20. Qxe7 Rce8 21. Qh4 Re2 22. Rf2 d3 23. Raf1 Qe5 24. c5 Qd4 25. h3 Qxc5 26. Qg3 a5 27. a4 Qd4 28. Kg1 Rxb2 29. Bd1 Rxf2 30. Qxf2 Qxd5 31. Bf3 Qc4 32. Bxb7 Bxa4 33. Qb6 d2 34. Bf3 Qd3 35. Qb1 Qxf3 0-1

[Event "FIDE WYCC Open U18 2023"]
[Site "Montesilvano"]
[Date "2023.11.13"]
[Round "1.1"]
[White "Giordani, Luca"]
[Black "Marakovits, Nico"]
[Result "1/2-1/2"]
[ECO "B46"]
[WhiteElo "1930"]
[BlackElo "2324"]
[Annotator "ChessBase"]
[PlyCount "110"]
[EventDate "2023.11.13"]
[EventType "swiss"]
[EventCountry "ITA"]
[SourceTitle "playchess.com"]
[Source "ChessBase"]
[SourceQuality "1"]
[TimeControl "40/5400+30:1800+30"]

1. e4 c5 2. Nf3 e6 3. d4 cxd4 4. Nxd4 Nc6 5. Nc3 Qc7 6. f4 a6 7. Nxc6 bxc6 8. Bd3 d5 9. O-O Nf6 10. Qe2 Be7 11. Kh1 c5 12. b3 Bb7 13. Bd2 O-O 14. Rae1 Rfe8 15. e5 Nd7 16. f5 exf5 17. e6 Nf6 18. Bxf5 fxe6 19. Bxe6+ Kh8 20. Bf7 Rf8 21. Qxe7 Rxf7 22. Qxc7 Rxc7 23. Bf4 Rf7 24. Bg5 Kg8 25. Bxf6 gxf6 26. Re6 d4 27. Ne4 Bxe4 28. Rxe4 a5 29. a4 Rc8 30. h3 Kg7 31. Rg4+ Kf8 32. Re1 f5 33. Rf4 Re8 34. Ref1 Re5 35. g4 Kg7 36. R1f2 Kg6 37. Kg2 h5 38. R4f3 Kg5 39. Rf4 Rf6 40. Kh2 hxg4 41. hxg4 Rh6+ 42. Kg3 Re3+ 43. Kg2 fxg4 44. Rf5+ Kh4 45. Rxc5 Rg3+ 46. Kh2 Rc3 47. Rxc3 dxc3 48. Rf8 Rd6 49. Rh8+ Kg5 50. Rc8 Rd2+ 51. Kg3 Rxc2 52. Rc5+ Kf6 53. Kxg4 Rc1 54. Kf3 c2 55. Ke2 Rb1 1/2-1/2

[Event "FIDE WYCC Open U18 2023"]
[Site "Montesilvano"]
[Date "2023.11.13"]
[Round "1.2"]
[White "Ohanyan, Emin"]
[Black "Brnusak, Tomas"]
[Result "1-0"]
[ECO "D20"]
[WhiteElo "2466"]
[BlackElo "2171"]
[Annotator "RC"]
[PlyCount "67"]
[EventDate "2023.11.13"]
[EventType "swiss"]
[EventCountry "ITA"]
[SourceTitle "playchess.com"]
[Source "ChessBase"]
[SourceQuality "1"]
[TimeControl "40/5400+30:1800+30"]

1. d4 d5 2. c4 dxc4 3. e4 Nf6 4. e5 Nd5 5. Bxc4 Bf5 6. Nc3 e6 7. Nge2 c6 8. O-O Be7 9. Ng3 Bg6 10. f4 O-O 11. f5 exf5 12. Nxf5 Nb6 13. Bb3 c5 14. d5 c4 15. Bc2 Bc5+ 16. Kh1 Re8 17. Bf4 Bf8 18. Qf3 N8d7 19. Rae1 Nc5 20. Bg3 Qd7 21. h4 Nd3 22. Bxd3 cxd3 23. Qxd3 Rac8 24. d6 Rc5 25. Qf3 Bxf5 26. Qxf5 Qxf5 27. Rxf5 Nc4 28. b4 Rc6 29. Nd5 f6 30. d7 Rd8 31. e6 Ra6 32. e7 Bxe7 33. Rxe7 Kf8 34. Re8+ 1-0

[Event "FIDE WYCC Open U18 2023"]
[Site "Montesilvano"]
[Date "2023.11.13"]
[Round "1.2"]
[White "Elmi, Saad Abobaker"]
[Black "Thorisson, Benedikt"]
[Result "1-0"]
[ECO "D04"]
[WhiteElo "2321"]
[BlackElo "1908"]
[Annotator "ChessBase"]
[PlyCount "41"]
[EventDate "2023.11.13"]
[EventType "swiss"]
[EventCountry "ITA"]
[SourceTitle "playchess.com"]
[Source "ChessBase"]
[SourceQuality "1"]
[TimeControl "40/5400+30:1800+30"]

1. Nf3 Nf6 2. e3 g6 3. b3 Bg7 4. Bb2 O-O 5. d4 d5 6. Nbd2 c6 7. Be2 Re8 8. O-O Nbd7 9. c4 e5 10. Nxe5 Nxe5 11. dxe5 Nd7 12. cxd5 cxd5 13. f4 Nc5 14. Rc1 Ne6 15. Nf3 Qb6 16. Nd4 f6 17. f5 Nc7 18. e6 Bh6 19. Qd3 gxf5 20. Nxf5 Bf8 21. Bd4 1-0

[Event "FIDE WYCC Open U18 2023"]
[Site "Montesilvano"]
[Date "2023.11.13"]
[Round "1.3"]
[White "Posaskov, Nikita"]
[Black "Razafindratsima, Timothe"]
[Result "0-1"]
[ECO "E17"]
[WhiteElo "2169"]
[BlackElo "2462"]
[Annotator "RC"]
[PlyCount "86"]
[EventDate "2023.11.13"]
[EventType "swiss"]
[EventCountry "ITA"]
[SourceTitle "playchess.com"]
[Source "ChessBase"]
[SourceQuality "1"]
[TimeControl "40/5400+30:1800+30"]

1. Nf3 Nf6 2. c4 e6 3. Nc3 c5 4. g3 b6 5. Bg2 Bb7 6. O-O Be7 7. b3 O-O 8. Bb2 d5 9. cxd5 exd5 10. d4 Re8 11. Rc1 Bf8 12. Qc2 Nc6 13. Rfd1 h6 14. e3 Rc8 15. dxc5 bxc5 16. Qb1 Nb4 17. Ne1 Qd7 18. Na4 d4 19. exd4 Be4 20. Bxe4 Nxe4 21. Nxc5 Bxc5 22. dxc5 Nd2 23. Rxd2 Qxd2 24. a3 Rxc5 25. Rd1 Rxe1+ 26. Rxe1 Nd3 27. Bd4 Nxe1 28. Bxc5 Nf3+ 29. Kf1 Qd5 30. Ke2 Nxh2 31. Be3 Qf3+ 32. Kd2 Ng4 33. Qe1 Qc6 34. Qe2 Qd6+ 35. Kc2 Nxe3+ 36. Qxe3 Qxa3 37. Qe8+ Qf8 38. Qe3 Qb8 39. Kb2 Qc7 40. Ka3 Qa5+ 41. Kb2 Kh7 42. Qd3+ g6 43. Qd7 Qe5+ 0-1

[Event "FIDE WYCC Open U18 2023"]
[Site "Montesilvano"]
[Date "2023.11.13"]
[Round "1.3"]
[White "Bergamaschi, Elia"]
[Black "Bicer, Atakan Mert"]
[Result "0-1"]
[ECO "E04"]
[WhiteElo "1905"]
[BlackElo "2318"]
[Annotator "ChessBase"]
[PlyCount "110"]
[EventDate "2023.11.13"]
[EventType "swiss"]
[EventCountry "ITA"]
[SourceTitle "playchess.com"]
[Source "ChessBase"]
[SourceQuality "1"]
[TimeControl "40/5400+30:1800+30"]

1. d4 Nf6 2. c4 e6 3. g3 Bb4+ 4. Nd2 d5 5. Bg2 O-O 6. Ngf3 dxc4 7. Qc2 a6 8. a4 Nc6 9. Qxc4 Qd6 10. O-O b5 11. Qd3 Rb8 12. axb5 axb5 13. Nb3 Bb7 14. Bf4 Qe7 15. e4 h6 16. Rfc1 Nh5 17. Be3 Nf6 18. Bf4 g5 19. Nxg5 hxg5 20. Bxg5 e5 21. Qf3 Kg7 22. d5 Nd8 23. Rxc7 Qd6 24. Ra7 Bc8 25. h3 Rb7 26. Raxb7 Bxb7 27. Qf5 Re8 28. h4 Rg8 29. Rc1 Nh7 30. Be3 Qf6 31. Qd7 Nf8 32. Qxb5 Be7 33. Nc5 Bc8 34. Nd3 Ba6 35. Qb3 Bxd3 36. Qxd3 Qd6 37. Bh3 Ng6 38. Bg2 Qd7 39. Kf1 Kh8 40. Qe2 Kg7 41. h5 Nf8 42. Kg1 Nh7 43. Qd2 Nf6 44. h6+ Kh8 45. Bc5 Bxc5 46. Rxc5 Ne6 47. Bh3 Nxe4 48. Qe3 Qd6 49. Rc4 N4g5 50. Bg2 Nd4 51. f4 Ngf3+ 52. Kf2 Qg6 53. Rxd4 Qxg3+ 54. Ke2 Qxg2+ 55. Kd3 exd4 0-1

[Event "FIDE WYCC Open U18 2023"]
[Site "Montesilvano"]
[Date "2023.11.13"]
[Round "1.4"]
[White "Galaviz Medina, Sion Radamantys"]
[Black "Gagic, Milan A"]
[Result "1-0"]
[ECO "D33"]
[WhiteElo "2461"]
[BlackElo "2164"]
[Annotator "RC"]
[PlyCount "97"]
[EventDate "2023.11.13"]
[EventType "swiss"]
[EventCountry "ITA"]
[SourceTitle "playchess.com"]
[Source "ChessBase"]
[SourceQuality "1"]
[TimeControl "40/5400+30:1800+30"]

1. d4 d5 2. c4 e6 3. Nc3 c5 4. cxd5 exd5 5. Nf3 Nf6 6. g3 Nc6 7. Bg2 cxd4 8. Nxd4 Bc5 9. Nb3 Bb6 10. O-O d4 11. Na4 O-O 12. Bg5 Re8 13. Rc1 h6 14. Bxf6 Qxf6 15. Nac5 Bg4 16. Re1 Rad8 17. h3 Bc8 18. Nd3 h5 19. Qd2 h4 20. g4 Bc7 21. Rc5 Qd6 22. Rec1 Be6 23. Kf1 Qh2 24. Qg5 Bd6 25. Rb5 Bxb3 26. axb3 Ne5 27. Rd5 Nxd3 28. exd3 Rc8 29. Rxc8 Rxc8 30. Rxd4 b5 31. Re4 Bf8 32. Qf4 Qxf4 33. Rxf4 Rc1+ 34. Ke2 f6 35. Kd2 Rc5 36. d4 Rg5 37. Kd3 Bd6 38. Re4 f5 39. Re6 Bh2 40. Bf3 fxg4 41. Bxg4 Kf8 42. Ke4 Bg1 43. f4 Rxg4 44. hxg4 h3 45. Kf3 Bxd4 46. Kg3 Bxb2 47. Kxh3 Bd4 48. g5 Kf7 49. f5 1-0

[Event "FIDE WYCC Open U18 2023"]
[Site "Montesilvano"]
[Date "2023.11.13"]
[Round "1.5"]
[White "Pegno, Mattia"]
[Black "Kostolansky, Sebastian Lukas"]
[Result "0-1"]
[ECO "E36"]
[WhiteElo "2155"]
[BlackElo "2427"]
[Annotator "RC"]
[PlyCount "100"]
[EventDate "2023.11.13"]
[EventType "swiss"]
[EventCountry "ITA"]
[SourceTitle "playchess.com"]
[Source "ChessBase"]
[SourceQuality "1"]
[TimeControl "40/5400+30:1800+30"]

1. d4 Nf6 2. c4 e6 3. Nc3 Bb4 4. Qc2 d5 5. a3 Bxc3+ 6. Qxc3 O-O 7. Bg5 c5 8. dxc5 d4 9. Qd2 h6 10. Bh4 e5 11. Nf3 Nbd7 12. e3 Nxc5 13. Rd1 Bf5 14. Nxe5 Nb3 15. Qb4 Bc2 16. Bd3 Bxd1 17. Kxd1 Re8 18. Ng4 Nd5 19. Bxd8 Nxb4 20. axb4 Raxd8 21. e4 h5 22. Kc2 hxg4 23. Kxb3 b6 24. Ra1 Re7 25. c5 Rc7 26. Kc4 a5 27. Kb5 bxc5 28. bxc5 Rdc8 29. Rc1 Rb8+ 30. Kc4 Rxc5+ 31. Kxc5 Rc8+ 32. Kxd4 Rxc1 33. Ke3 Rg1 34. g3 Rh1 35. b3 Rxh2 36. Be2 Rh1 37. Kd2 Rb1 38. Kc2 Ra1 39. Bxg4 Ra2+ 40. Kc3 Rxf2 41. Bd1 Kf8 42. Kc4 Ke7 43. Kb5 Rd2 44. Bg4 Rd3 45. Ka4 Rxg3 46. Bc8 g5 47. Bb7 g4 48. Bd5 Rd3 49. Bc4 Rd4 50. Kxa5 Rxc4 0-1

[Event "FIDE WYCC Open U18 2023"]
[Site "Montesilvano"]
[Date "2023.11.13"]
[Round "1.6"]
[White "Ansat, Aldiyar"]
[Black "Briem, Benedikt"]
[Result "1-0"]
[ECO "C65"]
[WhiteElo "2418"]
[BlackElo "2149"]
[Annotator "RC"]
[PlyCount "105"]
[EventDate "2023.11.13"]
[EventType "swiss"]
[EventCountry "ITA"]
[SourceTitle "playchess.com"]
[Source "ChessBase"]
[SourceQuality "1"]
[TimeControl "40/5400+30:1800+30"]

1. e4 e5 2. Nf3 Nc6 3. Bb5 Nf6 4. d3 Bc5 5. O-O Nd4 6. Nxd4 Bxd4 7. c3 Bb6 8. Nd2 c6 9. Ba4 O-O 10. Nc4 Bc7 11. Ne3 d5 12. Qf3 Be6 13. g4 dxe4 14. dxe4 Qd3 15. Bc2 Bxg4 16. Qg3 Qd7 17. Kh1 Bh5 18. Rg1 Bg6 19. Nf5 Kh8 20. Be3 Rg8 21. Rad1 Qe6 22. Qh4 Bh5 23. Rg3 Bxd1 24. Bxd1 Qc4 25. Bf3 Bb6 26. Nxg7 Rxg7 27. Rxg7 Rg8 28. Rg1 Rxg1+ 29. Kxg1 Qe6 30. Bg5 Ng8 31. Bg4 Qg6 32. Bf5 Qg7 33. Kf1 f6 34. Bd2 Ne7 35. Bh3 Ng6 36. Qg4 Nf4 37. Qc8+ Qg8 38. Qxg8+ Kxg8 39. Bc8 Nd3 40. Bxb7 Nxf2 41. Bxc6 h5 42. b4 h4 43. Be1 Ng4 44. Bxh4 Nxh2+ 45. Ke2 Ng4 46. Bd7 Nh6 47. Bxf6 Bc7 48. Be6+ Kf8 49. c4 Nf7 50. Bxf7 Kxf7 51. Bg5 Ke6 52. Be3 Bb8 53. b5 1-0

[Event "FIDE WYCC Open U18 2023"]
[Site "Montesilvano"]
[Date "2023.11.13"]
[Round "1.7"]
[White "Prisacaru, Stefan-Emilian"]
[Black "Arfan, Aditya Bagus"]
[Result "0-1"]
[ECO "E94"]
[WhiteElo "2148"]
[BlackElo "2415"]
[Annotator "RC"]
[PlyCount "106"]
[EventDate "2023.11.13"]
[EventType "swiss"]
[EventCountry "ITA"]
[SourceTitle "playchess.com"]
[Source "ChessBase"]
[SourceQuality "1"]
[TimeControl "40/5400+30:1800+30"]

1. d4 Nf6 2. c4 g6 3. Nc3 Bg7 4. e4 d6 5. Nf3 O-O 6. Be2 Na6 7. O-O e5 8. Be3 Ng4 9. Bg5 Qe8 10. dxe5 dxe5 11. h3 f6 12. Bc1 Nh6 13. Rb1 Nc5 14. b4 Ne6 15. b5 Rf7 16. Be3 Rd7 17. Qc1 Nf7 18. c5 c6 19. bxc6 bxc6 20. Rd1 f5 21. Bc4 f4 22. Bd2 g5 23. Na4 h5 24. Bc3 g4 25. hxg4 hxg4 26. Nh2 Neg5 27. Qc2 Rxd1+ 28. Rxd1 Be6 29. Nb2 Bf6 30. Qe2 f3 31. Qc2 Kg7 32. Re1 fxg2 33. Kxg2 Qh8 34. Re3 Qh5 35. Bxe6 Nxe6 36. Qd1 Nf4+ 37. Kg1 Nh3+ 38. Rxh3 Qxh3 39. Qxg4+ Qxg4+ 40. Nxg4 Ng5 41. Nxf6 Kxf6 42. Nd3 Nxe4 43. Bxe5+ Ke6 44. Bf4 Nc3 45. Nc1 Kd5 46. Be3 Nd1 47. Nb3 Nxe3 48. fxe3 a5 49. Kf2 a4 50. Nd4 Rb8 51. Kf3 Rb2 52. Ne2 Kxc5 53. Nc3 Kb4 0-1

[Event "FIDE WYCC Open U18 2023"]
[Site "Montesilvano"]
[Date "2023.11.13"]
[Round "1.8"]
[White "Lamaze, Simon"]
[Black "Ismail, Mohammed Aayan"]
[Result "1-0"]
[ECO "B12"]
[WhiteElo "2415"]
[BlackElo "2143"]
[Annotator "RC"]
[PlyCount "63"]
[EventDate "2023.11.13"]
[EventType "swiss"]
[EventCountry "ITA"]
[SourceTitle "playchess.com"]
[Source "ChessBase"]
[SourceQuality "1"]
[TimeControl "40/5400+30:1800+30"]

1. e4 c6 2. d4 d5 3. e5 Bf5 4. h4 h5 5. c4 e6 6. Nc3 Ne7 7. Nf3 Bg4 8. Bg5 Qb6 9. c5 Qc7 10. Bd3 Nf5 11. Ne2 Nd7 12. Qc1 Bxf3 13. gxf3 Nxd4 14. Nxd4 Nxc5 15. Bc2 Qxe5+ 16. Ne2 d4 17. Qf4 Qxf4 18. Nxf4 e5 19. Nd3 Nd7 20. Kf1 Bd6 21. Rg1 c5 22. b3 b5 23. Nb2 Nb6 24. Be4 Rc8 25. Bb7 Rc7 26. Ba6 b4 27. Nc4 Nxc4 28. Bxc4 f5 29. a3 bxa3 30. Rxa3 Rf8 31. Ra6 Kd7 32. Bd2 1-0

[Event "FIDE WYCC Open U18 2023"]
[Site "Montesilvano"]
[Date "2023.11.13"]
[Round "1.9"]
[White "Qalichava, Akaki"]
[Black "Tadic, Stefan"]
[Result "1/2-1/2"]
[ECO "B28"]
[WhiteElo "2141"]
[BlackElo "2407"]
[Annotator "RC"]
[PlyCount "48"]
[EventDate "2023.11.13"]
[EventType "swiss"]
[EventCountry "ITA"]
[SourceTitle "playchess.com"]
[Source "ChessBase"]
[SourceQuality "1"]
[TimeControl "40/5400+30:1800+30"]

1. e4 c5 2. Nf3 a6 3. c4 Nc6 4. d4 cxd4 5. Nxd4 e5 6. Nf5 d5 7. cxd5 Bxf5 8. exf5 Nd4 9. Nc3 Ne7 10. Bd3 Nexf5 11. O-O Bd6 12. f4 Qb6 13. Kh1 exf4 14. Bxf4 O-O 15. Bxd6 Nxd6 16. Rf4 N4b5 17. Bxh7+ Kxh7 18. Qh5+ Kg8 19. Rh4 f5 20. Re1 Qf2 21. Qh7+ Kf7 22. Qh5+ Kg8 23. Qh7+ Kf7 24. Qh5+ Kg8 1/2-1/2

[Event "FIDE WYCC Open U18 2023"]
[Site "Montesilvano"]
[Date "2023.11.13"]
[Round "1.10"]
[White "Davtyan, Arsen"]
[Black "Jovanovski, Teodor"]
[Result "1-0"]
[ECO "E08"]
[WhiteElo "2406"]
[BlackElo "2140"]
[Annotator "RC"]
[PlyCount "46"]
[EventDate "2023.11.13"]
[EventType "swiss"]
[EventCountry "ITA"]
[SourceTitle "playchess.com"]
[Source "ChessBase"]
[SourceQuality "1"]
[TimeControl "40/5400+30:1800+30"]

1. c4 Nf6 2. g3 e6 3. Bg2 d5 4. Nf3 Be7 5. O-O O-O 6. d4 c6 7. Qc2 b6 8. b3 Nbd7 9. Bb2 Bb7 10. Rd1 Rc8 11. Nc3 c5 12. dxc5 Rxc5 13. Nd4 Re8 14. Qd2 Ba8 15. cxd5 exd5 16. Nf5 Bf8 17. b4 Rc8 18. Nxd5 Nxd5 19. Bxd5 Ne5 20. Bxe5 Rxe5 21. Bxf7+ Kxf7 22. Qd4 Qd6 23. Qxd6 Rd8 1-0

[Event "FIDE WYCC Open U18 2023"]
[Site "Montesilvano"]
[Date "2023.11.13"]
[Round "1.11"]
[White "Ciszewski, Krzysztof"]
[Black "Amilal Munkhdalai"]
[Result "1/2-1/2"]
[ECO "D37"]
[WhiteElo "2120"]
[BlackElo "2404"]
[Annotator "ChessBase"]
[PlyCount "77"]
[EventDate "2023.11.13"]
[EventType "swiss"]
[EventCountry "ITA"]
[SourceTitle "playchess.com"]
[Source "ChessBase"]
[SourceQuality "1"]
[TimeControl "40/5400+30:1800+30"]

1. d4 Nf6 2. c4 e6 3. Nc3 Bb4 4. e3 c5 5. Bd3 Nc6 6. Nf3 O-O 7. O-O d5 8. cxd5 exd5 9. dxc5 Bxc5 10. h3 Qe7 11. b3 Rd8 12. Ne2 Ne4 13. Bb2 Bd7 14. Ned4 Rac8 15. Rc1 Bd6 16. Nxc6 bxc6 17. Qe2 c5 18. Rfd1 Bc6 19. Nd2 Nf6 20. Nf3 Re8 21. Bb5 Bxb5 22. Qxb5 Red8 23. Qd3 Ne4 24. Nd2 Nxd2 25. Rxd2 Be5 26. Bxe5 Qxe5 27. Rdc2 d4 28. b4 dxe3 29. Qxe3 Qxe3 30. fxe3 Rd3 31. Rxc5 Re8 32. R5c3 Rd2 33. R1c2 Rd1+ 34. Kf2 g6 35. Rc8 Rxc8 36. Rxc8+ Kg7 37. a4 Rb1 38. Rc7 Rxb4 39. Rxa7 1/2-1/2

[Event "FIDE WYCC Open U18 2023"]
[Site "Montesilvano"]
[Date "2023.11.13"]
[Round "1.12"]
[White "Colbow, Collin"]
[Black "Miazhynski, Michael"]
[Result "1-0"]
[ECO "C41"]
[WhiteElo "2403"]
[BlackElo "2109"]
[Annotator "ChessBase"]
[PlyCount "87"]
[EventDate "2023.11.13"]
[EventType "swiss"]
[EventCountry "ITA"]
[SourceTitle "playchess.com"]
[Source "ChessBase"]
[SourceQuality "1"]
[TimeControl "40/5400+30:1800+30"]

1. e4 d6 2. d4 Nf6 3. Nc3 e5 4. Nf3 Nbd7 5. Bc4 Be7 6. O-O O-O 7. h3 c6 8. a4 b6 9. Qe2 a6 10. Rd1 Qc7 11. d5 cxd5 12. Bxd5 Bb7 13. Bxb7 Qxb7 14. Bg5 Rac8 15. Nd2 h6 16. Bxf6 Nxf6 17. Nc4 Rfd8 18. a5 b5 19. Nb6 Rxc3 20. bxc3 Nxe4 21. Nd5 Nf6 22. Nxe7+ Qxe7 23. c4 b4 24. c5 d5 25. Qxa6 Qxc5 26. Qb6 Qxb6 27. axb6 Rb8 28. Ra6 d4 29. Rb1 Nd5 30. Ra5 Ne7 31. Rxe5 Nc6 32. Rb5 Kf8 33. b7 Ke7 34. Ra1 Kd6 35. Ra8 Kc7 36. Rxb8 Kxb8 37. Rb6 Nd8 38. Rxb4 Nxb7 39. Rxd4 Kc7 40. Kf1 Kc6 41. Ke2 g6 42. Ke3 Na5 43. Ke4 f6 44. Ra4 1-0

[Event "FIDE WYCC Open U18 2023"]
[Site "Montesilvano"]
[Date "2023.11.13"]
[Round "1.13"]
[White "Ang, Ern Jie Anderson"]
[Black "Domalchuk-Jonasson, Aleksandr"]
[Result "1/2-1/2"]
[ECO "A58"]
[WhiteElo "2103"]
[BlackElo "2403"]
[Annotator "ChessBase"]
[PlyCount "98"]
[EventDate "2023.11.13"]
[EventType "swiss"]
[EventCountry "ITA"]
[SourceTitle "playchess.com"]
[Source "ChessBase"]
[SourceQuality "1"]
[TimeControl "40/5400+30:1800+30"]

1. d4 Nf6 2. c4 c5 3. d5 b5 4. cxb5 a6 5. bxa6 g6 6. Nc3 Bg7 7. Nf3 O-O 8. e4 d6 9. Be2 Qa5 10. O-O Bxa6 11. Bd2 Nbd7 12. Bxa6 Qxa6 13. Qc2 Rfb8 14. a4 Qc4 15. Bc1 Ng4 16. Nd2 Qd4 17. Ra3 Nb6 18. Nb5 Qb4 19. b3 Ne5 20. Bb2 c4 21. Bxe5 Bxe5 22. bxc4 Bf4 23. a5 Nd7 24. Nb1 Rc8 25. Nd4 Rxc4 26. Nc6 Rxc2 27. Nxb4 Rc4 28. Nc6 Ne5 29. Nxe7+ Kf8 30. Nc6 Nxc6 31. dxc6 Rxc6 32. Nc3 Bd2 33. Nd5 Rxa5 34. Rxa5 Bxa5 35. Ra1 Kg7 36. g3 Rc5 37. Rd1 h5 38. h4 Rc4 39. Ne3 Rc6 40. Nd5 Rc4 41. Ne3 Rxe4 42. Rxd6 Bc7 43. Rd3 Ra4 44. Kg2 Ra2 45. Rc3 Bb6 46. Rc2 Ra8 47. Nd5 Bd4 48. Rd2 Bf6 49. Nxf6 Kxf6 1/2-1/2

[Event "FIDE WYCC Open U18 2023"]
[Site "Montesilvano"]
[Date "2023.11.13"]
[Round "1.14"]
[White "Juhasz, Agoston"]
[Black "Sisic, Muhamed"]
[Result "1-0"]
[ECO "B12"]
[WhiteElo "2401"]
[BlackElo "2096"]
[Annotator "RC"]
[PlyCount "31"]
[EventDate "2023.11.13"]
[EventType "swiss"]
[EventCountry "ITA"]
[SourceTitle "playchess.com"]
[Source "ChessBase"]
[SourceQuality "1"]
[TimeControl "40/5400+30:1800+30"]

1. e4 c6 2. d4 d5 3. e5 Bf5 4. Nf3 e6 5. Be2 Nd7 6. O-O h6 7. c3 c5 8. Be3 cxd4 9. Nxd4 Bh7 10. Qb3 Rb8 11. c4 Ne7 12. Nb5 Nxe5 13. Bxa7 Rc8 14. Rd1 Rc6 15. Nd4 dxc4 16. Nxc6 1-0

[Event "FIDE WYCC Open U18 2023"]
[Site "Montesilvano"]
[Date "2023.11.13"]
[Round "1.15"]
[White "Mena, Martin"]
[Black "Dzida, Kamil"]
[Result "0-1"]
[ECO "A20"]
[WhiteElo "2082"]
[BlackElo "2399"]
[Annotator "ChessBase"]
[PlyCount "63"]
[EventDate "2023.11.13"]
[EventType "swiss"]
[EventCountry "ITA"]
[SourceTitle "playchess.com"]
[Source "ChessBase"]
[SourceQuality "1"]
[TimeControl "40/5400+30:1800+30"]

1. c4 e5 2. g3 Nf6 3. Bg2 c6 4. d4 e4 5. Nc3 d5 6. cxd5 cxd5 7. Bg5 Bb4 8. e3 Bxc3+ 9. bxc3 Nbd7 10. Ne2 h6 11. Bf4 O-O 12. h3 Nb6 13. g4 Nc4 14. g5 Nb2 15. Qd2 Nd3+ 16. Kf1 Nh5 17. h4 Bg4 18. gxh6 g6 19. Bg3 Rc8 20. Bh3 Qd7 21. Kg2 Rc6 22. Nc1 Nxc1 23. Raxc1 Rfc8 24. Bxg4 Qxg4 25. Rc2 Rf6 26. Kh2 Rf3 27. Qe1 f5 28. Kg2 f4 29. exf4 Nxf4+ 30. Kg1 Rc7 31. c4 Rxc4 32. Rc3 0-1

[Event "FIDE WYCC Open U18 2023"]
[Site "Montesilvano"]
[Date "2023.11.13"]
[Round "1.16"]
[White "Pasti, Aron"]
[Black "Israilov, Agil"]
[Result "1-0"]
[ECO "B11"]
[WhiteElo "2397"]
[BlackElo "2070"]
[Annotator "ChessBase"]
[PlyCount "119"]
[EventDate "2023.11.13"]
[EventType "swiss"]
[EventCountry "ITA"]
[SourceTitle "playchess.com"]
[Source "ChessBase"]
[SourceQuality "1"]
[TimeControl "40/5400+30:1800+30"]

1. e4 c6 2. Nf3 d5 3. Nc3 Bg4 4. h3 Bxf3 5. Qxf3 Nf6 6. d4 dxe4 7. Qe3 e6 8. Nxe4 Nxe4 9. Qxe4 Nd7 10. c3 Nf6 11. Qf3 Be7 12. Bd3 O-O 13. O-O Qd5 14. Qe2 Rfd8 15. Be3 Rac8 16. c4 Qa5 17. a3 Qc7 18. b4 b6 19. Rfd1 e5 20. Bf5 Ra8 21. Rac1 exd4 22. Bxd4 Qf4 23. Qxe7 Rxd4 24. g3 Rxd1+ 25. Rxd1 Qb8 26. Rd6 c5 27. bxc5 bxc5 28. Rc6 Qd8 29. Qe5 Qd1+ 30. Kg2 Re8 31. Qxc5 h5 32. Rc8 Qe2 33. Rxe8+ Qxe8 34. Qd6 Qa8+ 35. Kg1 Qf8 36. Qd4 Qxa3 37. c5 Qa5 38. Qe5 Qb5 39. Qd6 Ne8 40. Qe7 Nf6 41. h4 a5 42. Qd8+ Qe8 43. Qxa5 g6 44. Bh3 Ng4 45. Bxg4 hxg4 46. Qc3 Qc6 47. Qd4 Qe6 48. Qe3 Qd5 49. Qc1 Qc6 50. Qc4 Kf8 51. Qd4 Ke7 52. Qe5+ Kd7 53. Qd4+ Ke7 54. Kf1 Qh1+ 55. Ke2 Qf3+ 56. Kd2 Qc6 57. Kd3 Qb5+ 58. Ke3 Qf1 59. Kf4 f5 60. Kg5 1-0

[Event "FIDE WYCC Open U18 2023"]
[Site "Montesilvano"]
[Date "2023.11.13"]
[Round "1.17"]
[White "Nikolov, Yavor"]
[Black "Nguyen, Quoc Hy"]
[Result "0-1"]
[ECO "B59"]
[WhiteElo "2067"]
[BlackElo "2392"]
[Annotator "ChessBase"]
[PlyCount "84"]
[EventDate "2023.11.13"]
[EventType "swiss"]
[EventCountry "ITA"]
[SourceTitle "playchess.com"]
[Source "ChessBase"]
[SourceQuality "1"]
[TimeControl "40/5400+30:1800+30"]

1. e4 c5 2. Nf3 Nc6 3. d4 cxd4 4. Nxd4 Nf6 5. Nc3 d6 6. Be2 e5 7. Nb3 Be7 8. Nd4 Bf8 9. Nb3 Be7 10. Nd4 Bf8 11. Nb3 Be7 12. Nd4 Bf8 13. Nb3 Be7 14. Be3 Be6 15. f3 O-O 16. O-O a5 17. a4 Nb4 18. Qd2 d5 19. exd5 Nfxd5 20. Nxd5 Nxd5 21. Bb5 Qc7 22. Be2 Qd8 23. Bb5 Qc7 24. Be2 Qd8 25. Bb5 Qc7 26. Be2 Qd8 27. Bb5 Qc7 28. Be2 Qd8 29. Bb5 Qc7 30. Bf2 Rfd8 31. Be3 Rf8 32. Bf2 Rfd8 33. Be3 Rf8 34. Bf2 Rfd8 35. c4 Nf4 36. Qc2 g6 37. Nc1 Bf5 38. Qb3 Rd2 39. Qc2 Rdd8 40. Qb3 Rd2 41. Qe3 Rad8 42. b3 Rxf2 0-1

[Event "FIDE WYCC Open U18 2023"]
[Site "Montesilvano"]
[Date "2023.11.13"]
[Round "1.18"]
[White "Ilamparthi A R"]
[Black "Rotondaro, Alberto"]
[Result "1-0"]
[ECO "B90"]
[WhiteElo "2385"]
[BlackElo "2065"]
[Annotator "ChessBase"]
[PlyCount "165"]
[EventDate "2023.11.13"]
[EventType "swiss"]
[EventCountry "ITA"]
[SourceTitle "playchess.com"]
[Source "ChessBase"]
[SourceQuality "1"]
[TimeControl "40/5400+30:1800+30"]

1. e4 c5 2. Nf3 d6 3. d4 cxd4 4. Nxd4 Nf6 5. Nc3 a6 6. Be3 e5 7. Nb3 Be6 8. Qf3 Nc6 9. h3 Rc8 10. O-O-O Qc7 11. Kb1 Qd8 12. Kc1 Qc7 13. Kb1 b5 14. g4 h6 15. Nd5 Bxd5 16. exd5 Ne7 17. c3 e4 18. Qg2 Nexd5 19. Bd2 Nb6 20. h4 d5 21. f3 Nc4 22. fxe4 Nxe4 23. Bc1 Nf6 24. Bd2 Ne4 25. Bc1 Qe5 26. Bd2 Qc7 27. Bc1 Qe5 28. Bd3 Qc7 29. Bf1 Qe5 30. Bd3 Be7 31. Bf1 Bf8 32. Bd3 Be7 33. Rhe1 Bf8 34. Rh1 Be7 35. Rhe1 Bf8 36. Rh1 Be7 37. Rhe1 Bf8 38. Rh1 Be7 39. Rhe1 O-O 40. Bxe4 dxe4 41. Rxe4 Qf6 42. Ree1 Qe5 43. Re4 Qf6 44. Rf1 Qg6 45. h5 Qh7 46. Ka1 Qg6 47. Kb1 Qh7 48. Ka1 Bg5 49. Kb1 Be7 50. Ka1 Bg5 51. Bxg5 hxg5 52. Qe2 Rcd8 53. Qg2 Rc8 54. Qe2 Rcd8 55. Qg2 Rc8 56. Qe2 Rcd8 57. Re1 Rc8 58. Rf1 Rcd8 59. Re1 Rc8 60. Rf1 Rcd8 61. Re1 Rc8 62. Rf1 Rcd8 63. Re1 Rc8 64. Rf1 Rcd8 65. Re1 Qh6 66. Rf1 Qh7 67. Re1 Qh6 68. Nd4 Qh7 69. Nb3 Qh6 70. Nd4 Qd6 71. Nb3 Qh6 72. Nd4 Qd6 73. Nb3 Qh6 74. Nd4 Qd6 75. Nb3 Qh6 76. Nd4 Qd6 77. h6 g6 78. Qf2 Kh7 79. Re7 Qd5 80. R7e4 Qd6 81. Re7 Qd5 82. Qf6 Kxh6 83. Nf5+ 1-0